 Dungeon Crawl Stone Soup version 0.30.1-11-g7821555f0a (webtiles) character file.

Game seed: 5876329271422039881

1387 SacredBeard the Grave Robber (level 8, -9/61 HPs)
             Began as a Demonspawn Necromancer on Nov 25, 2023.
             Mangled by an ogre
             ... wielding a +0 giant spiked club
              (28 damage)
             ... on level 5 of the Dungeon.
             The game lasted 00:17:07 (6735 turns).

SacredBeard the Grave Robber (DsNe)                 Turns: 6735, Time: 00:17:08

Health: -9/61      AC:  5    Str: 10    XL:     8   Next: 40%
Magic:  6/11       EV: 10    Int: 17    God:
Gold:   430        SH:  0    Dex: 14    Spells: 10/11 levels left

rFire   . .          .
                       - Unarmed
rCold   + . .        (no shield)
rNeg    . . .        t - +2 ring mail {rC+}
rPois   .            r - +0 helmet
rElec   .            (no cloak)
rCorr   .            (no gloves)
SInv    .            C - +0 pair of boots
Will    .....        (no amulet)
Stlth   ++           (no ring)
HPRegen 0.30/turn    (no ring)
MPRegen 0.12/turn

%: no passive effects
@: mighty, corroded
A: claws 2, powered by pain 1
a: no special abilities


You were on level 5 of the Dungeon.
You visited 1 branch of the dungeon, and saw 6 of its levels.

You collected 430 gold pieces.

Inventory:

Missiles
 e - 4 curare-tipped darts
 k - 43 stones
 l - 10 boomerangs
 n - 5 atropa-tipped darts
 v - 6 javelins
 A - 2 poisoned darts
Armour
 r - a +0 helmet (worn)
 t - a +2 ring mail of cold resistance (worn)
 C - a +0 pair of boots (worn)
Wands
 a - a wand of roots (5)
 j - a wand of flame (19)
 s - a wand of digging (2)
 E - a wand of charming (8)
Scrolls
 c - a scroll of poison {unknown}
 d - 7 scrolls of identify {unknown}
 h - 6 scrolls of teleportation {unknown}
 p - 2 scrolls of amnesia {unknown}
 w - a scroll of noise {unknown}
 y - 2 scrolls of immolation {unknown}
 z - a scroll of acquirement {unknown}
 B - a scroll of torment {unknown}
Potions
 b - a potion of magic
 f - 2 potions of mutation {unknown}
 g - a potion of berserk rage {unknown}
 i - 2 potions of degeneration {unknown}
 m - a potion of cancellation {unknown}
 o - 3 potions of curing {unknown}
 q - 2 potions of haste {unknown}
 u - 2 potions of heal wounds {unknown}
 x - 2 potions of flight {unknown}
 D - a potion of lignification {unknown}


   Skills:
 + Level 4.6 Fighting
 - Level 2.0 Armour
 - Level 2.0 Dodging
 - Level 3.0 Stealth
 * Level 5.0 Unarmed Combat
 - Level 2.0 Spellcasting
 - Level 7.0 Necromancy
 + Level 3.2 Evocations


You had 10 spell levels left.
You knew the following spells:

 Your Spells              Type           Power      Damage    Failure   Level
a - Necrotise             Necr           100%       1d9       2%          1

Your spell library contained the following spells:

 Spells                   Type           Power      Damage    Failure   Level
 Vampiric Draining        Necr           25%        2d7       9%          3
 Animate Dead             Necr           25%        N/A       26%         4
 Ensorcelled Hibernation  Hex/Ice        2%         N/A       58%         2
 Passwall                 Tmut/Erth      0%         N/A       58%         2
 Agony                    Necr           25%        N/A       58%         5
 Ozocubu's Armour         Ice            1%         N/A       82%         3
 Swiftness                Air            1%         N/A       82%         3
 Metabolic Englaciation   Hex/Ice        0%         N/A       100%        5
 Simulacrum               Ice/Necr       6%         N/A       100%        6


Dungeon Overview and Level Annotations

Branches:
Dungeon (6/15) Zot: 26654  Temple (0/1) D:6

Altars:
Makhleb


Innate Abilities, Weirdness & Mutations

You have very sharp fingernails.
You sometimes gain a little power by taking damage.


Message History

Magic restored.
HP restored.
Done exploring.
You climb downwards.
The jelly hits you but does no damage. x2
There is a stone staircase leading up here.
The jelly writhes in agony!
The ogre shouts!
The jelly hits you but does no damage.
The jelly writhes in agony.
The jelly hits you. The acid corrodes you!
You are splashed with acid!
The jelly writhes in agony.
You kill the jelly!
Your Unarmed Combat skill increases to level 5!
The ogre writhes in agony!
The ogre writhes in agony.
The white imp shouts!
The ogre writhes in agony.
The white imp gestures at you. The puff of frost hits you. You resist.
The ogre hits you with a +0 giant spiked club!
You climb upwards.
There is a stone staircase leading down, spattered with blood here.
You are too injured to fight recklessly!
You are too injured to fight recklessly!
You are too injured to fight recklessly!
Casting: Necrotise (safe; 2% risk of failure)
Confirm with . or Enter, or press ? or * to list all spells.
Okay, then.
You scratch the ogre.
The ogre is heavily wounded.
You closely miss the ogre.
The ogre is heavily wounded.
The ogre hits you with a +0 giant spiked club!!
* * * LOW HITPOINT WARNING * * *
You focus on the pain.
You feel very mighty all of a sudden.
You claw the ogre!
The ogre is almost dead.
The ogre hits you with a +0 giant spiked club!!
You die...

.#####....#.....#
...##...........#
.####....##.....#
.# ##...##.....#
## #....###.####
#....###.#
##....##.#
#########.##.#####
...............O@#
#####....###.#.###
#####....# #.#.#
......#### #.#.#
####..# #.#.#
#<##..# #.#.#
#.##..# #.#.#
#.#..## #.#.#
#....#######.#.#


You could see an ogre.

Vanquished Creatures
  2 black bears (D:6)
  2 ice beasts (D:5)
  A sky beast (D:5)
  An ogre (D:5)
  A phantom (D:6)
  A bullfrog (D:5)
  2 scorpions
  A hound (D:3)
  A jelly (D:6)
  An orc priest (D:4)
  A gnoll bouda (D:4)
  2 iguanas
  Ijyb (D:3)
  3 orc wizards
  Natasha (thrice) (D:2)
  8 gnolls
  5 adders
  An ufetubus (D:5)
  2 worms
  A dart slug (D:1)
  18 orcs
  4 bats
  6 endoplasms
  6 giant cockroaches
  6 hobgoblins
  5 jackals
  3 quokkas
  6 ball pythons
  3 frilled lizards (D:1)
  6 goblins
  11 kobolds
  4 rats
118 creatures vanquished.

Vanquished Creatures (collateral kills)
  An endoplasm (D:1)
  A kobold (D:1)
  A ball python (D:1)
3 creatures vanquished.

Grand Total: 121 creatures vanquished

Notes
Turn   | Place    | Note
-------+----------+-------------------------------------------
     0 | D:1      | SacredBeard the Demonspawn Necromancer began the quest for
                  | the Orb.
     0 | D:1      | Reached XP level 1. HP: 13/13 MP: 3/3
   240 | D:1      | Gained mutation: You have sharp fingernails. [demonic
                  | ancestry]
   240 | D:1      | Reached XP level 2. HP: 20/20 MP: 0/5
   633 | D:1      | Reached skill level 1 in Fighting
   668 | D:1      | You fall into a shaft and drop 1 floor!
   885 | D:1      | Gained mutation: You sometimes gain a little power by
                  | taking damage. [demonic ancestry]
   885 | D:1      | Reached XP level 3. HP: 26/26 MP: 3/6
  1047 | D:1      | Reached skill level 1 in Armour
  1605 | D:2      | Noticed Natasha
  1608 | D:2      | Killed Natasha
  2047 | D:2      | Reached XP level 4. HP: 32/32 MP: 1/7
  2212 | D:2      | Noticed Natasha
  2218 | D:2      | Killed Natasha
  2219 | D:2      | Reached skill level 1 in Unarmed Combat
  2360 | D:3      | Noticed Ijyb
  2575 | D:3      | Reached skill level 5 in Necromancy
  2575 | D:3      | Reached XP level 5. HP: 4/38 MP: 6/8
  2889 | D:3      | Killed Ijyb
  3054 | D:2      | Noticed Natasha
  3061 | D:2      | Killed Natasha
  3164 | D:3      | Found a faded altar of an unknown god.
  3352 | D:3      | Gained mutation: You have very sharp fingernails. [demonic
                  | ancestry]
  3352 | D:3      | Reached XP level 6. HP: 31/46 MP: 1/9
  4075 | D:4      | Reached skill level 6 in Necromancy
  4846 | D:4      | Reached XP level 7. HP: 47/52 MP: 6/10
  4849 | D:4      | Reached skill level 7 in Necromancy
  5236 | D:5      | Entered Level 5 of the Dungeon
  5265 | D:5      | Reached skill level 1 in Evocations
  5916 | D:5      | Found a burning altar of Makhleb.
  6117 | D:5      | Reached XP level 8. HP: 34/60 MP: 3/11
  6644 | D:6      | Found a staircase to the Ecumenical Temple.
  6728 | D:6      | Reached skill level 5 in Unarmed Combat
  6735 | D:5      | Mangled by an ogre

Illustrated notes

Levels and vault maps discovered:
D:1:      psy_arrival_conway, layout_basic, hangedman_decor_clover_reticule,
          minmay_unequal
D:2:      layout_basic, uniq_natasha
D:3:      layout_basic, nicolae_ecumenical_oubliette,
          kennysheep_decorative_pillar, uniq_ijyb
D:4:      layout_basic
D:5:      layout_basic, mainiacjoe_overflow_cross_hatched, kennysheep_nub
D:6:      minmay_polygon_palace, layout_basic,
          minmay_temple_entry_statues_fountains, serial_shops,
          nicolae_shop_industrial_runoff, shop, shop, nicolae_book_shop_shelving

Skill      XL: |  1  2  3  4  5  6  7  8 |
---------------+-------------------------+-----
Stealth        | 2 3 |  3.0
Dodging        | 2 |  2.0
Fighting       | 1 2 3 4 |  4.6
Armour         | 1 2 |  2.0
Unarmed Combat | 1 2 4 5 |  5.0
Necromancy     | 5 6 7 |  7.0
Evocations     | 2 3 |  3.2
Spellcasting   | |  2.0

Action                     |  1- 3 |  4- 6 |  7- 9 || total
---------------------------+-------+-------+-------++-------
  Melee: Hand axe          |     3 |       |       ||     3
         Dagger            |     8 |    48 |       ||    56
         Unarmed           |       |     9 |    66 ||    75
         Punch             |       |     1 |     2 ||     3
  Throw: Stone             |     4 |     3 |     2 ||     9
   Cast: Necrotise         |    65 |   141 |    83 ||   289
 Armour: Robe              |     2 |    19 |       ||    21
         Ring mail         |       |    13 |    38 ||    51
  Dodge: Dodged            |    13 |    65 |    36 ||   114
